AoeStats
← dean03110206

Oasis

509035806Analyzed
4v4 RM · 6d ago on Sep 25, 2026· 22m 45s· 8 players
Game mode
Random Map
Map size
Large (8 player)
Population
200
Speed
Normal
Resources
Standard
Victory
Conquest
Starting age
Dark Age
Ending age
Imperial Age
RankedLock teamsTeams togetherTeam positionsShared explorationLock speedFull tech treeHidden civsTurbo modeCheats
Victory
Defeat
🇭🇰 Danes · Hong Kong SAR China
1012
+14
🇹🇼 Franks · Taiwan
1006
+14
🇹🇼 Celts · Taiwan
998
+15
🇭🇰 Vietnamese · Hong Kong SAR China
902
+19
1005
-17
🇪🇸 Khmer · Spain
965
-15
🇨🇳 Ethiopians · China
952
-15
🇨🇳 Huns · China
946
-15
こちやさなえ
10:20 Feudal Age
10:15 Loom
12:15 Man-at-Arms
19:22 Castle Age
17:51 Horse Collar
17:59 Double-Bit Axe
21:16 Elite Skirmisher
北賢龍
4:14 Loom
11:13 Feudal Age
14:51 Castle Age
13:16 Double-Bit Axe
15:50 Bow Saw
23:20 Wheelbarrow
dean03110206
0:27 Loom
13:10 Feudal Age
15:40 Wheelbarrow
18:10 Castle Age
16:12 Double-Bit Axe
18:32 Horse Collar
21:28 Bow Saw
yanbb0916
12:50 Feudal Age
13:30 Double-Bit Axe
13:27 Horse Collar
18:58 Stone Mining
18:59 Gold Mining
23:09 Castle Age
20:55 Loom
OvertChunk95
12:34 Feudal Age
11:39 Loom
13:09 Horse Collar
14:02 Loom
17:24 Castle Age
17:12 Wheelbarrow
16:28 Double-Bit Axe
18:54 Caravan
Steins;Gate
11:33 Feudal Age
10:22 Loom
13:32 Wheelbarrow
16:47 Castle Age
16:30 Fletching
17:29 Crossbowman
19:48 Double-Bit Axe
19:55 Gold Mining
黄金分割吃饭
12:11 Feudal Age
14:34 Wheelbarrow
13:47 Double-Bit Axe
13:46 Horse Collar
19:52 Castle Age
22:11 Bow Saw
工程制图池大为
0:29 Loom
10:20 Feudal Age
19:14 Castle Age
17:04 Horse Collar
19:24 Town Watch
20:16 Town Watch
Connection lost

Rejoining the realm…

Still unreachable

The connection could not be restored.

Session expired

The server has moved on; the page needs a fresh start.